 Dungeon Crawl Stone Soup version 0.20-a0-837-g0f21a4d (webtiles) character file.

20 M4edhros the Magician (level 2, -3/17 HPs)
             Began as an Octopode Wizard on Mar 8, 2017.
             Killed from afar by M4edhros's ghost (7 damage)
             ... with a magic dart
             ... on level 3 of the Dungeon.
             The game lasted 00:00:34 (237 turns).

M4edhros the Magician (Octopode Wizard)              Turns: 237, Time: 00:00:35

Health: -3/17      AC:  1    Str:  6    XL:     2   Next: 79%
Magic:  1/6        EV: 13    Int: 20    God:
Gold:   22         SH:  0    Dex: 10    Spells: 7/8 levels left

rFire    . . .     SeeInvis .   (no weapon)
rCold    . . .     Gourm    .   (no shield)
rNeg     . . .     Faith    .   a - +0 hat
rPois    .         Spirit   .   (no amulet)
rElec    .         Reflect  .   (no ring)
rCorr    .         Harm     .   (no ring)
MR       .....                  (no ring)
Stlth    +++.......             (no ring)
Regen    0.1/turn               (no ring)
MPRegen  0.1/turn               (no ring)
                                (no ring)
                                (no ring)

@: very slightly contaminated
A: almost no armour, stealthy swim, amphibious, 8 rings, constrict 8, camouflage
1, gelatinous body 1
a: no special abilities


You were on level 3 of the Dungeon.
You were not hungry.

You visited 1 branch of the dungeon, and saw 3 of its levels.

You collected 22 gold pieces.

Inventory:

Missiles
 g - 26 stones (quivered)
Armour
 a - a +0 hat (worn)
Scrolls
 e - a scroll of remove curse {unknown}
 f - a scroll of amnesia {unknown}
Potions
 i - a potion of invisibility {unknown}
Books
 b - a book of Minor Magic

   Spells                             Type                      Level
   a - Magic Dart                     Conjuration                  1
   b - Blink                          Translocation                2
   c - Call Imp                       Summoning                    2
   d - Slow                           Hexes                        2
   e - Conjure Flame                  Conjuration/Fire             3
   f - Mephitic Cloud                 Conjuration/Poison/Air       3
Comestibles
 c - a bread ration
 d - a meat ration
 h - 4 chunks of flesh


   Skills:
 - Level 2.0 Dodging
 - Level 2.6 Stealth
 + Level 3.5 Spellcasting
 + Level 1.7 Conjurations
   Level 1.0 Summonings
   Level 1.0 Translocations


You had 7 spell levels left.
You knew the following spells:

 Your Spells              Type           Power        Failure   Level  Hunger
a - Magic Dart            Conj           ##..         10%         1    None


Dungeon Overview and Level Annotations

Branches:
Dungeon (3/15)

Altars:

Annotations:
D:3 M4edhros's ghost, amateur OpWz


Innate Abilities, Weirdness & Mutations

You cannot wear most types of armour.
You are very stealthy in the water. (Stealth+)
You are amphibious.
You can wear up to eight rings at the same time.
You can use your tentacles to constrict eight enemies at once.
Your skin changes colour to match your surroundings (Stealth+).
Your rubbery body absorbs attacks. (AC +1, EV +1)


Message History

Aiming: Magic Dart
Press: ? - help, Shift-Dir - straight line, f/p - M4edhros's ghost
Aim: M4edhros's ghost The magic dart hits M4edhros's ghost.
M4edhros's ghost is lightly damaged.
Casting: Magic Dart
Confirm with . or Enter, or press ? or * to list all spells.
Aiming: Magic Dart
Press: ? - help, Shift-Dir - straight line, f/p - M4edhros's ghost
Aim: M4edhros's ghost (lightly damaged)
The magic dart hits M4edhros's ghost.
M4edhros's ghost is moderately damaged.
M4edhros's ghost ripples.
M4edhros's ghost casts a spell at you. The magic dart hits you!
Ouch! That really hurt!
* * * LOW HITPOINT WARNING * * *
M4edhros's ghost stares at you and mumbles some strange words.
The magic dart hits you!
You die...

#............
#............
#............
#.........##### ..
#.......... #.
#.......... #.
#....[.....
#<###W.>.......
#.@............
###..#'#######....
#..#.# #.# #....#
#.# ##.##### #.#
#.....# #.#
#..##.# #.#
#..##.#######.#
#...#.........#


You could see M4edhros's ghost.

Vanquished Creatures
  An adder (D:2)
  A dart slug (D:1)
  2 goblins (D:1)
  A hobgoblin (D:2)
  A ball python (D:3)
  2 bats (D:3)
  2 frilled lizards
10 creatures vanquished.

Notes
Turn   | Place    | Note
-------+----------+-------------------------------------------
     0 | D:1      | M4edhros the Octopode Wizard began the quest for the Orb.
     0 | D:1      | Reached XP level 1. HP: 11/11 MP: 4/4
   124 | D:2      | Reached XP level 2. HP: 17/17 MP: 0/6
   228 | D:3      | Noticed M4edhros's ghost (amateur OpWz)
   237 | D:3      | Killed from afar by M4edhros's ghost

Vault maps used:
D:1:      minmay_arrival_three_doors
D:2:      uniq_natasha
D:3:      zin_treasury, lemuel_round_altar

Action                   || total
-------------------------++-------
Melee: Unarmed           ||     7
       Constrict         ||     2
       Tentacles         ||     2
 Cast: Magic Dart        ||    17
  Use: Potion            ||     1
Dodge: Dodged            ||     5
